 Dungeon Crawl Stone Soup version 0.30-a0-862-g1aabd4f9c5 (webtiles) character file.

Game seed: 16106632342516166346

2256992 ragingrage the Hand of Fortune (level 27, 282/282 HPs)
             Began as a Demonspawn Delver on Mar 9, 2023.
             Was the Champion of Nemelex Xobeh.
             Escaped with the Orb
             ... and 4 runes on Mar 10, 2023!
             The game lasted 01:53:50 (74824 turns).

ragingrage the Hand of Fortune (Demonspawn Delver) Turns: 74824, Time: 01:53:50

Health: 282/282    AC: 28    Str: 21    XL:     27
Magic:  36/36      EV: 23    Int: 26    God:    Nemelex Xobeh [******]
Gold:   2512       SH: 21    Dex: 29    Spells: 25/40 levels left

rFire   + . .      SeeInvis +    a - +8 demon trident "Rift" {distort, reach+}
rCold   + . .      Faith    .    R - +5 kite shield {reflect}
rNeg    + . .      Spirit   .    I - +5 chain mail "Wunoqo" {rC- rCorr Dex+3 SInv}
rPois   +          Reflect  +    (helmet unavailable)
rElec   +          Rampage  .    U - +2 cloak {Stlth+}
rCorr   +                        f - +1 pair of gloves of Dicajiem {Int+3 Dex+3}
Will    +++++                    u - +3 pair of mountain boots {steadfast, rC+}
Stlth   +                        P - amulet of Ewyck {Fly Regen+ Int+6}
HPRegen 2.27/turn                F - ring "Xech" {rPois rN+ Str-4 Int+6 Dex+3}
MPRegen 0.25/turn                z - ring of Mocoh {Drain rElec rPois Will+++ Str+3}

@: flying, studying Unarmed Combat
A: horns 3, icy blue scales 3, powered by death 3, robust 3, spiny 3, deformed
body, deterioration 1, dopey 1, fire resistance 1, low MP 1, regeneration 1,
screaming 1, strong 1, inability to drink after injury 1
0: Orb of Zot
}: 4/15 runes: decaying, serpentine, slimy, silver
a: Renounce Religion, Draw Escape, Draw Destruction, Draw Summoning, Draw Stack,
Triple Draw, Deal Four, Stack Five


You escaped.
You worshipped Nemelex Xobeh.
Nemelex Xobeh was exalted by your worship.
You visited 11 branches of the dungeon, and saw 53 of its levels.
You also visited: Volcano and Desolation.

You collected 8179 gold pieces.
You spent 5667 gold pieces at shops.

Inventory:

Hand Weapons
 a - the +8 demon trident "Rift" (weapon) {distort, reach+}
   (You found it on level 2 of the Snake Pit)
 w - the +12 hand axe of the Fox {heavy, rElec rC- Str-2 Dex+9}
   (You found it on level 5 of the Vaults)

   Str:       It affects your strength (-2).
   Dex:       It affects your dexterity (+9).
   rC:        It makes you vulnerable to cold.
   rElec:     It insulates you from electricity.
 Z - a +9 spectral demon blade
Missiles
 L - 9 curare-tipped darts
Armour
 f - the +1 pair of gloves of Dicajiem (worn) {Int+3 Dex+3}
   (You found it on level 5 of the Vaults)

   Int:       It affects your intelligence (+3).
   Dex:       It affects your dexterity (+3).
 l - the +4 moon troll leather armour {Spirit, Regen++ MP+5}
   (You found it on level 1 of the Lair of Beasts)

   MP:        It affects your magic capacity (+5).
   Regen:     It increases your rate of health regeneration.
 u - the +3 pair of mountain boots (worn) {steadfast, rC+}
   (You found it in the Desolation of Salt)

   Steadfast: It prevents involuntary movement, except for blinking,
   teleportation, or banishment.
   rC:        It protects you from cold.
 I - the +5 chain mail "Wunoqo" (worn) {rC- rCorr Dex+3 SInv}
   (You found it on level 3 of the Snake Pit)

   Dex:       It affects your dexterity (+3).
   rC:        It makes you vulnerable to cold.
   SInv:      It lets you see invisible.
   rCorr:     It protects you from acid and corrosion.
 R - a +5 kite shield of reflection (worn)
 U - a +2 cloak of stealth (worn)
Jewellery
 z - the ring of Mocoh (right hand) {Drain rElec rPois Will+++ Str+3}
   (You bought it in a shop on level 1 of the Snake Pit)

   [ring of poison resistance]

   Str:       It affects your strength (+3).
   rElec:     It insulates you from electricity.
   rPois:     It protects you from poison.
   Drain:     It drains your maximum health when unequipped.
   Will:      It greatly increases your willpower.
 F - the ring "Xech" (left hand) {rPois rN+ Str-4 Int+6 Dex+3}
   (You found it in the Desolation of Salt)

   [ring of intelligence]

   Str:       It affects your strength (-4).
   Int:       It affects your intelligence (+6).
   Dex:       It affects your dexterity (+3).
   rPois:     It protects you from poison.
   rN:        It protects you from negative energy.
 G - the ring "Zuopsim" {Wiz SInv}
   (You found it on level 4 of the Lair of Beasts)

   [ring of wizardry]

   It improves your spell success rate.
   SInv:      It lets you see invisible.
 P - the amulet of Ewyck (around neck) {Fly Regen+ Int+6}
   (You found it on level 3 of the Elven Halls)

   [amulet of regeneration]

   Int:       It affects your intelligence (+6).
   Fly:       It grants you flight.
   Regen:     It increases your rate of health regeneration.
 X - an amulet of faith
Wands
 b - a wand of paralysis (51)
 g - a wand of digging (27)
 h - a wand of acid (51)
 S - a wand of iceblast (17)
Scrolls
 c - 10 scrolls of fog
 d - 11 scrolls of enchant armour
 e - 14 scrolls of fear
 m - 13 scrolls of vulnerability
 s - 2 scrolls of enchant weapon
 x - 30 scrolls of teleportation
 y - 8 scrolls of blinking
 B - 7 scrolls of immolation
 J - 6 scrolls of magic mapping
 K - a scroll of summoning
 M - 7 scrolls of poison
 V - a scroll of silence
Potions
 i - 3 potions of haste
 j - 7 potions of lignification
 k - 5 potions of invisibility
 n - 39 potions of curing
 o - 4 potions of flight
 p - 6 potions of brilliance
 q - 5 potions of cancellation
 v - 17 potions of ambrosia
 A - 9 potions of mutation
 C - 6 potions of attraction
 E - 14 potions of heal wounds
 H - 9 potions of might
 O - 3 potions of magic
 W - 5 potions of berserk rage
Miscellaneous
 r - a box of beasts
 t - a tin of tremorstones (2/2)
 N - a condenser vane
 Q - a phial of floods
 T - a lightning rod (4/4)
 Y - a phantom mirror


   Skills:
 - Level 18.0 Fighting
 - Level 14.0 Long Blades
 - Level 2.1 Maces & Flails
 - Level 14.0 Polearms
 - Level 14.0 Armour
 - Level 19.2 Dodging
 - Level 9.0 Stealth
 - Level 15.0 Shields
 - Level 7.0 Spellcasting
 + Level 19.7 Necromancy
 - Level 11.0 Translocations
 - Level 6.1 Transmutations
 + Level 26.1 Invocations
 - Level 15.0 Evocations


You had 25 spell levels left.
You knew the following spells:

 Your Spells              Type           Power      Damage    Failure   Level
a - Wereblood             Tmut           41%        N/A       7%          2
b - Death Channel         Necr           42%        N/A       2%          6
c - Apportation           Tloc           100%       N/A       1%          1
d - Blink                 Tloc           100%       N/A       1%          2
e - Manifold Assault      Tloc           60%        N/A       6%          4

Your spell library contained the following spells:

 Spells                   Type           Power      Damage    Failure   Level
 Kiss of Death            Conj/Necr      100%       2d13      1%          1
 Necrotise                Necr           100%       1d9       1%          1
 Lesser Beckoning         Tloc           100%       N/A       1%          2
 Gell's Gravitas          Tloc           60%        N/A       1%          3
 Teleport Other           Tloc           60%        N/A       1%          3
 Vampiric Draining        Necr           84%        2d12      1%          3
 Animate Dead             Necr           84%        N/A       1%          4
 Dispel Undead            Necr           84%        3d27      1%          4
 Beastly Appendage        Tmut           82%        N/A       4%          1
 Cigotuvi's Dreadful Rot  Necr/Pois/Air  86%        N/A       6%          2
 Passage of Golubria      Tloc           60%        N/A       6%          4
 Momentum Strike          Conj/Tloc      74%        3d10      9%          2
 Anguish                  Hex/Necr       28%        N/A       10%         4
 Sting                    Tmut/Pois      100%       1d8       16%         1
 Portal Projectile        Hex/Tloc       74%        N/A       19%         3
 Passwall                 Tmut/Erth      20%        N/A       24%         2
 Spider Form              Tmut/Pois      25%        N/A       43%         3
 Foxfire                  Conj/Fire      36%        2x1d5     50%         1
 Freeze                   Ice            36%        1d5       50%         1
 Magic Dart               Conj           36%        1d4       50%         1
 Sandblast                Erth           18%        2d7       50%         1
 Slow                     Hex            36%        N/A       50%         1
 Summon Small Mammal      Summ           36%        N/A       50%         1
 Iskenderun's Mystic Bla  Conj/Tloc      37%        2d9       52%         4
 Ignite Poison            Fire/Tmut/Pois 19%        N/A       58%         3
 Call Imp                 Summ           9%         N/A       65%         2
 Ensorcelled Hibernation  Hex/Ice        18%        N/A       65%         2
 Poisonous Vapours        Pois/Air       18%        N/A       65%         2
 Scorch                   Fire           18%        2d6       65%         2
 Searing Ray              Conj           18%        2d5       65%         2
 Dispersal                Tloc           30%        N/A       67%         6
 Borgnjor's Revivificati  Necr           42%        N/A       75%         8
 Infestation              Necr           42%        N/A       75%         8
 Blade Hands              Tmut           20%        N/A       77%         5
 Simulacrum               Ice/Necr       28%        N/A       83%         6
 Ice Form                 Ice/Tmut       25%        N/A       85%         4
 Confusing Touch          Hex            9%         N/A       86%         3
 Frozen Ramparts          Ice            18%        1d3       86%         3
 Hailstorm                Conj/Ice       9%         3d4       86%         3
 Inner Flame              Hex/Fire       9%         N/A       86%         3
 Mephitic Cloud           Conj/Pois/Air  9%         N/A       86%         3
 Ozocubu's Armour         Ice            9%         N/A       86%         3
 Stone Arrow              Conj/Erth      18%        3d8       86%         3
 Summon Guardian Golem    Hex/Summ       9%         N/A       86%         3
 Tukima's Dance           Hex            9%         N/A       86%         3
 Summon Forest            Summ/Tloc      18%        N/A       86%         5
 Airstrike                Air            4%         2d(1-17)  99%         4
 Cause Fear               Hex            4%         N/A       99%         4
 Flame Wave               Conj/Fire      9%         2d6       99%         4
 Fulminant Prism          Conj/Hex       4%         3d5       99%         4
 Leda's Liquefaction      Hex/Erth       4%         N/A       99%         4
 Olgreb's Toxic Radiance  Pois           9%         N/A       99%         4
 Sticky Flame             Conj/Fire      9%         2d3       99%         4
 Summon Ice Beast         Ice/Summ       9%         N/A       99%         4
 Summon Lightning Spire   Summ/Air       9%         N/A       99%         4
 Alistair's Intoxication  Tmut/Pois      16%        N/A       99%         5
 Yara's Violent Unravell  Hex/Tmut       12%        3d7       99%         5
 Fireball                 Conj/Fire      4%         3d4       100%        5
 Freezing Cloud           Conj/Ice/Air   4%         6-21      100%        5
 Iskenderun's Battlesphe  Conj           9%         2d6       100%        5
 Lee's Rapid Deconstruct  Erth           4%         3d5*      100%        5
 Lightning Bolt           Conj/Air       4%         1d16      100%        5
 Metabolic Englaciation   Hex/Ice        4%         N/A       100%        5
 Summon Mana Viper        Hex/Summ       9%         N/A       100%        5
 Conjure Ball Lightning   Conj/Air       4%         3x3d6     100%        6
 Eringya's Noxious Bog    Tmut/Pois      12%        N/A       100%        6
 Iron Shot                Conj/Erth      4%         9d2       100%        6
 Starburst                Conj/Fire      4%         6d4       100%        6
 Statue Form              Tmut/Erth      16%        N/A       100%        6
 Summon Cactus Giant      Summ           4%         N/A       100%        6
 Enfeeble                 Hex            4%         N/A       100%        7
 Haunt                    Necr/Summ      28%        N/A       100%        7
 Orb of Destruction       Conj           4%         9d5       100%        7
 Ozocubu's Refrigeration  Ice            4%         4d8       100%        7
 Spellforged Servitor     Conj/Summ      4%         N/A       100%        7
 Storm Form               Tmut/Air       12%        N/A       100%        7
 Summon Hydra             Summ           4%         N/A       100%        7
 Discord                  Hex            4%         N/A       100%        8
 Disjunction              Tloc           30%        N/A       100%        8
 Ignition                 Fire           4%         3d4       100%        8
 Maxwell's Capacitive Co  Air            4%         ∞         100%        8
 Necromutation            Tmut/Necr      33%        N/A       100%        8
 Chain Lightning          Conj/Air       4%         3d6       100%        9
 Death's Door             Necr           42%        N/A       100%        9
 Fire Storm               Conj/Fire      4%         8d1       100%        9
 Polar Vortex             Ice            4%         N/A       100%        9
 Shatter                  Erth           4%         3d8*      100%        9


Dungeon Overview and Level Annotations

Branches:
Dungeon (15/15)            Temple (1/1) D:5            Lair (5/5) D:10
  Swamp (4/4) Lair:3        Snake (4/4) Lair:2        Slime (5/5) Lair:4
    Orc (2/2) D:12            Elf (3/3) Orc:2        Vaults (5/5) D:14
  Crypt (0/3) Vaults:3     Depths (4/4) D:15            Zot (5/5) Depths:4
Volcano (visited)         Desolation (visited)

Altars:
Ashenzari
Cheibriados
Dithmenos
Fedhas
Gozag
Hepliaklqana
Kikubaaqudgha
Makhleb
Nemelex Xobeh
Okawaru
Qazlal
Ru
Sif Muna
Trog
Uskayaw
Vehumet
Wu Jian
Xom
Yredelemnul
Jiyva

Shops:
D:4 ?   D:6 ?   D:7 **   D:12 [*   D:13 *   Orc:2 ?=[!(   Elf:1 *   Elf:3 (
Snake:1 :==   Vaults:1 *   Vaults:3 (   Depths:1 (   Depths:4 (

Portals:
Hell: Depths:1 Depths:2 Depths:3 Depths:4
Abyss: Orc:1 Depths:3
Pandemonium: Depths:2 Depths:3 Depths:4
Ziggurat: Depths:1

Annotations:
D:9 3 transporters
Depths:2 1 runed translucent door
Abyss:1 Asterion; Sojobo; cforsyth's ghost, adept DEEE; elongatedgoose's ghost, journeyman MiFi


Innate Abilities, Weirdness & Mutations

You have a pair of large horns on your head.
You are completely covered in icy blue scales. (AC +4, rC+)
You regenerate a lot of health from kills.
You are extremely robust. (+30% HP)
You are completely covered in sharp spines.
Armour fits poorly on your strangely shaped body.
Your body sometimes deteriorates upon taking damage.
You are dopey. (Int -2)
Your flesh is heat resistant. (rF+)
Your magical capacity is low. (-10% MP)
Your natural rate of healing is unusually fast.
You occasionally shout uncontrollably at your foes.
Your muscles are strong. (Str +4, Int/Dex -1)
You occasionally lose the ability to drink potions when taking damage.


Message History

Where to? (Enter - D:1 @ (x,y), ? - help)
There is a stone staircase leading up here.
You fly upwards.
There is a stone staircase leading down here.
There is a stone staircase leading up, spattered with blood here.
You fly upwards.
There is a stone staircase leading down here.
A large abomination comes into view.
You hit the large abomination.
Space warps horribly around the large abomination!
You puncture the large abomination!
The large abomination blinks!
You hit the large abomination but do no damage.
Space warps around the large abomination.
You impale the large abomination!!
You destroy the large abomination!
No target in view!
There is a stone staircase leading up here.
You fly upwards.
There is a stone staircase leading down here.
(D) Dungeon (T) Temple (L) Lair (S) Swamp (P) Snake Pit (M) Slime Pits (O) Orcish Mines (E) Elven Halls (V) Vaults (C) Crypt (U) Depths (H) Hell (Z) Zot
Where to? (Enter - D:1 @ (x,y), ? - help)
There is a stone staircase leading up here.
You fly upwards.
There is a stone staircase leading down here.
A hellion comes into view.
You yell at the hellion!
The hellion gestures at you.
The sphere of damnation explodes!
The damnation engulfs you!!
You hit the hellion.
Space warps horribly around the hellion!!
The hellion gestures at you.
The sphere of damnation explodes!
The damnation engulfs you!
You closely miss the hellion. You impale the hellion!!
You kill the hellion!
No target in view!
(D) Dungeon (T) Temple (L) Lair (S) Swamp (P) Snake Pit (M) Slime Pits (O) Orcish Mines (E) Elven Halls (V) Vaults (C) Crypt (U) Depths (H) Hell (Z) Zot
Where to? (Enter - D:1 @ (x,y), ? - help)
There is a staircase leading out of the dungeon here.
You have escaped!

.........#
#..................###
##.......#
#...~...~....##.......
#.......#
#....~.~~...###....#.#
#†......#
#...~.~.~≈..# ######.#
#.......#
#..~~.~..~..# #.#
#########
#.~~.≈~~.~~.# #.#
#.~~~~≈≈~~.## ###..
#....≈~≈~...# #....
#..~~@~≈~..~# #.)..
#~..~~~.~..~# #....
#~...≈≈~...~# ####....
#~....~~..~~# #.......
#~≈...~...~≈# #.......
#≈~.......~≈# #.......
#≈≈~....~.≈≈# ##...#..
#≈≈≈≈...~≈≈≈# #...#..
#≈≈≈~~..~≈≈≈# #...#..


There were no monsters in sight!

Vanquished Creatures
  the Royal Jelly (Slime:5)
  3 dread liches
  An orb of fire (Zot:5)
  3 ancient liches
  A juggernaut (Depths:1)
  2 Killer Klowns (Zot:5)
  Frederick (Vaults:4)
  Vashnia (Snake:2)
  4 golden dragons
  A bone dragon (Zot:2)
  13 tentacled monstrosities
  2 electric golems
  2 liches (Depths:2)
  3 deep elf blademasters
  16 Orb Guardians
  2 titans (Vaults:5)
  An Executioner (D:11)
  4 quicksilver dragons
  11 acid blobs
  A deep elf master archer (Elf:3)
  9 death cobs
  2 sphinxes (Vaults:4)
  5 shadow dragons
  2 thorn hunters
  6 tengu reavers
  10 nagarajas
  An azure jelly (shapeshifter) (Vaults:5)
  2 draconian monks (Zot:2)
  2 demonspawn warmongers
  3 storm dragons
  5 rockslimes
  12 azure jellies
  7 fire giants
  3 iron dragons
  6 deep elf sorcerers (Elf:3)
  12 vault wardens
  2 draconian scorchers
  3 frost giants
  3 draconian knights
  2 imperial myrmidons (Desolation)
  Louise (D:14)
  Aizul (Snake:1)
  A ghost moth (Zot:2)
  6 draconian shifters
  6 deep elf elementalists (Elf:3)
  2 draconian annihilators
  4 draconian stormcallers
  3 ghouls (Swamp:2)
  20 ironbound preservers
  4 orc warlords
  4 war gargoyles
  11 stone giants
  A reaper (D:9)
  8 quicksilver oozes
  8 very ugly things
  A bunyip (Swamp:1)
  5 ironbound thunderhulks
  2 vampire knights
  A lorocyproca (D:15)
  7 black draconians
  2 halazid warlocks (Desolation)
  Azrael (D:12)
  6 deep elf demonologists
  2 minotaurs
  3 eleionomae
  8 deep elf annihilators
  11 dire elephants
  6 green draconians
  5 white draconians
  8 yellow draconians
  3 red draconians
  4 purple draconians
  6 deep elf death magi
  2 merfolk javelineers (Depths:1)
  Josephine (Orc:1)
  5 crystal guardians
  11 fire dragons
  An entropy weaver (Vaults:5)
  5 ragged hierophants (Desolation)
  A merfolk impaler (Depths:1)
  A shambling mangrove (Swamp:3)
  8 ettins
  4 rakshasas
  4 deep elf high priests
  10 great orbs of eyes
  3 jiangshi (Depths:4)
  5 salamander tyrants
  4 servants of whispers (Desolation)
  4 ice dragons
  13 yaktaur captains
  8 peacekeepers
  19 vault guards
  15 hydras
  2 catoblepae
  2 ghost crabs (Swamp:2)
  6 ironbound frosthearts
  2 ogre magi (Vaults:5)
  13 alligators
  A spriggan air mage (Depths:1)
  14 anacondas
  30 dancing weapons
  2 death yaks (D:11)
  3 two-headed ogres
  4 boulder beetles
  12 centaur warriors
  3 vampire magi
  4 deep troll shamans (Depths:2)
  A hell hog (Volcano)
  A satyr (shapeshifter) (Orc:1)
  The ghost of puppykicker the Basher, a novice AtCA of Ignis (D:10)
  11 deep troll earth magi
  The ghost of Darius099 the Severer, a novice MiFi of Okawaru (D:8)
  Urug (Lair:1)
  2 spriggan berserkers (Depths:2)
  5 tengu warriors
  3 soul eaters (Zot:2)
  A storm dragon zombie (Depths:1)
  10 naga sharpshooters
  2 shock serpents
  10 naga warriors
  A holy swine (Depths:1)
  5 orc high priests
  The ghost of Pokonic1 the Protected, a novice GrMo of Qazlal (D:9)
  4 salamander mystics
  12 deep elf knights
  9 hell knights
  Amaemon (Lair:2)
  4 fire crabs
  A goliath frog (Swamp:1)
  10 iron trolls
  Lodul (D:12)
  A skeletal warrior (D:14)
  A golden dragon zombie (Vaults:2)
  A death drake (Zot:2)
  61 deep trolls
  6 spriggan druids
  5 large abominations
  A death drake (shapeshifter) (Vaults:5)
  16 deep elf archers
  9 swamp dragons (Swamp:4)
  A shadow demon (Zot:1)
  7 sea snakes (Snake:2)
  20 ironbound convokers
  12 lindwurms
  9 bog bodies
  A ghost moth zombie (Zot:2)
  9 necromancers
  6 glowing orange brains
  5 wizards
  9 orc knights
  A tengu zombie (Depths:1)
  4 phantasmal warriors
  7 naga ritualists
  2 flayed ghosts
  3 anaconda skeletons (Snake:2)
  27 deep elf pyromancers
  33 deep elf zephyrmancers
  3 oklob plants (Lair:4)
  6 spectral spriggans (Swamp:2)
  4 wolf spiders
  A human zombie (Vaults:4)
  4 cyclopes
  2 will-o-the-wisps
  2 shining eyes (Slime:3)
  24 ugly things
  7 salamanders
  2 orc sorcerers (Orc:1)
  8 mana vipers
  2 spectral centaurs (D:10)
  A centaur zombie (D:10)
  8 guardian serpents
  19 moths of wrath
  18 elephants
  22 vault sentinels
  An iron dragon skeleton (Depths:1)
  39 black mambas
  An eye of devastation (Slime:5)
  2 smoke demons (Zot:5)
  5 torpor snails
  An orange demon (Lair:2)
  2 gargoyles
  17 naga magi
  8 komodo dragons
  2 spectral sea snakes (Snake:2)
  23 cane toads
  2 molten gargoyles (Volcano)
  A torpor snail (shapeshifter) (Depths:3)
  6 kobold demonologists
  An unseen horror (D:12)
  A rime drake (shapeshifter) (Depths:4)
  Psyche (D:8)
  Maggie (Lair:1)
  48 yaktaurs
  A yaktaur zombie (Vaults:3)
  A rime drake (Lair:4)
  An ice devil (D:5)
  2 elf skeletons
  A hellion (D:1)
  3 anaconda simulacra (Snake:2)
  2 guardian mummies (Zot:2)
  6 freezing wraiths
  2 spectral nagas (Snake:2)
  2 red devils (Depths:1)
  An efreet (D:10)
  3 tengu conjurers
  6 meliai
  2 queen bees (shapeshifter) (Vaults:5)
  A bloated husk (Swamp:2)
  A meliai (shapeshifter) (Vaults:5)
  4 polar bears
  A queen bee (Lair:4)
  10 trolls
  3 hellwings (Zot:5)
  19 hornets
  A shadow dragon simulacrum (Vaults:4)
  8 blink frogs
  A tengu simulacrum (Depths:1)
  8 tyrant leeches
  20 dream sheep
  2 raiju (Orc:1)
  37 saltlings (Desolation)
  A spectral guardian serpent (Snake:2)
  2 ettin zombies
  4 centaur simulacra
  A jumping spider (shapeshifter) (Vaults:5)
  A slime creature (shapeshifter) (Elf:1)
  93 slime creatures
  4 air elementals
  A guardian serpent skeleton (Snake:2)
  3 elf simulacra
  2 shadows (D:9)
  A vampire (D:6)
  13 spriggans
  6 water elementals
  6 wraiths
  27 yaks
  13 wyverns
  A fire bat (Volcano)
  A golden eye (shapeshifter) (D:15)
  A chaos spawn (Depths:1)
  A ynoxinul (Zot:5)
  6 fire elementals
  8 steam dragons
  2 redbacks
  2 basilisks
  20 humans
  16 vampire mosquitoes
  5 sea snake simulacra (Snake:2)
  34 nagas
  19 water moccasins
  16 swamp worms
  3 wargs
  An acid dragon (D:10)
  A glowing shapeshifter skeleton (Vaults:2)
  A floating eye (shapeshifter) (Vaults:5)
  5 hell hounds
  A floating eye (Snake:3)
  19 orc warriors
  8 swamp drakes
  4 black bears
  A sky beast (D:7)
  An ettin simulacrum (Vaults:4)
  6 ice beasts
  32 wolves
  15 ogres
  3 boggarts (D:15)
  12 centaurs
  6 kobold brigands
  18 bullfrogs
  A gnoll sergeant (D:9)
  8 earth elementals
  A naga simulacrum (Snake:2)
  5 scorpions
  25 killer bees
  3 howler monkeys
  An electric eel (D:11)
  5 lava snakes (Volcano)
  8 hounds
  4 jellies
  A gnoll bouda (D:5)
  29 orc priests
  3 sleepcaps
  10 human skeletons (Vaults:3)
  31 orc wizards
  6 iguanas
  A naga skeleton (Snake:2)
  24 gnolls
  13 adders
  3 river rats (D:4)
  A shadow imp (D:6)
  4 white imps
  5 ufetubi
  3 worms
  4 dart slugs
  69 orcs
  8 bats
  5 endoplasms
  2 giant cockroaches
  6 hobgoblins
  A jackal (D:1)
  4 quokkas
  9 ball pythons
  A frilled lizard (D:2)
  4 goblins
  29 kobolds
  6 rats
  A fire vortex (Swamp:4)
2143 creatures vanquished.

Vanquished Creatures (collateral kills)
  2 ancient liches (Zot:5)
  A Killer Klown (Zot:5)
  A golden dragon (Depths:2)
  An electric golem (Zot:5)
  Zenata (Elf:1)
  A tentacled monstrosity (Depths:4)
  9 Orb Guardians (Zot:5)
  An acid blob (Slime:5)
  A sphinx (Depths:2)
  A shadow dragon (Depths:4)
  An azure jelly (Slime:4)
  A frost giant (Vaults:1)
  A very ugly thing (Vaults:5)
  An ironbound preserver (Vaults:5)
  A draconian annihilator (Depths:4)
  A stone giant (Depths:4)
  An eleionoma (Swamp:3)
  2 black draconians (Depths:4)
  2 fire dragons (Depths:4)
  A hydra (Swamp:2)
  A great orb of eyes (Slime:5)
  3 yaktaur captains
  2 ice dragons (Depths:4)
  The ghost of dracfodder the Cleaver, a journeyman GrFi (Lair:1)
  12 vault guards (Vaults:5)
  A spriggan air mage (Depths:2)
  A salamander tyrant (Snake:4)
  A ghost crab (Swamp:2)
  An alligator (Swamp:3)
  3 death yaks (D:11)
  2 deep troll shamans
  A tengu warrior (D:10)
  4 naga warriors (Snake:4)
  A naga sharpshooter (Snake:4)
  2 deep troll earth magi (Depths:4)
  A spriggan berserker (Depths:1)
  An iron troll (Depths:4)
  5 deep trolls
  A naga ritualist (Snake:4)
  A swamp dragon (Swamp:2)
  A deep elf pyromancer (Elf:3)
  2 salamanders (Snake:3)
  2 spectral spriggans (Swamp:2)
  2 will-o-the-wisps
  An elephant (Lair:1)
  A freezing wraith (Swamp:2)
  A saltling (Desolation)
  6 slime creatures
  2 yaks (D:11)
  3 humans (D:14)
  A redback (Vaults:5)
  2 swamp worms
  A naga (Snake:3)
  A hell hound (D:12)
102 creatures vanquished.

Vanquished Creatures (others)
  A deep elf demonologist (Elf:3)
  An entropy weaver (Vaults:5)
  A hydra (Swamp:4)
  A catoblepas (Zot:4)
  A centaur warrior (D:14)
  A naga sharpshooter (Snake:4)
  A deep elf knight (Elf:2)
  A spectral spriggan (Swamp:2)
  2 bloated husks (Swamp:2)
  A water elemental (Elf:3)
  2 steam dragons (Swamp:4)
  A hell hound (D:12)
  2 swamp drakes (Swamp:4)
  A wolf (Snake:4)
  3 orcs
  A bush (Lair:5)
  18 foxfires
  78 fungi
  107 plants
224 creatures vanquished.

Grand Total: 2469 creatures vanquished

Notes
Turn   | Place    | Note
-------+----------+-------------------------------------------
     0 | D:5      | ragingrage the Demonspawn Delver began the quest for the
                  | Orb.
     0 | D:5      | Reached XP level 1. HP: 18/18 MP: 1/1
    42 | D:5      | Noticed a hound
    42 | D:5      | Noticed a hound
    55 | D:5      | Noticed a hound
   116 | D:6      | Noticed a vampire
   129 | D:5      | Noticed a sleepcap
   261 | D:5      | Noticed a scorpion
   300 | D:4      | Noticed a jelly
   319 | D:4      | Noticed a hound
   343 | D:3      | Noticed a jelly
   384 | D:3      | Noticed an orc priest
   395 | D:3      | Killed an orc priest
   396 | D:3      | Gained mutation: You have a pair of small horns on your
                  | head. [demonic ancestry]
   396 | D:3      | Reached XP level 2. HP: 6/24 MP: 2/2
   396 | D:3      | Gained mutation: You regenerate a little health from kills.
                  | [demonic ancestry]
   396 | D:3      | Reached XP level 3. HP: 8/29 MP: 3/3
   732 | D:1      | Reached skill level 1 in Maces & Flails
  1230 | D:2      | Found an ornate altar of the Wu Jian Council.
  1336 | D:2      | Reached XP level 4. HP: 35/35 MP: 4/4
  1835 | D:3      | Found a sacrificial altar of Ru.
  1861 | D:3      | Became a worshipper of Ru the Awakened
  2077 | D:3      | Reached XP level 5. HP: 38/41 MP: 5/5
  2420 | D:3      | Reached skill level 5 in Long Blades
  2586 | D:4      | Gained mutation: You have a pair of horns on your head.
                  | [demonic ancestry]
  2586 | D:4      | Reached XP level 6. HP: 46/47 MP: 6/6
  2684 | D:4      | Found the +1 Delatra's gloves {ID++}
  2872 | D:4      | Found Plog's Magic Scroll Emporium.
  2886 | D:4      | Bought 2 scrolls of teleportation for 66 gold pieces
  2886 | D:4      | Bought a scroll of blinking for 82 gold pieces
  3062 | D:4      | Gained mutation: You regenerate health from kills. [demonic
                  | ancestry]
  3062 | D:4      | Reached XP level 7. HP: 44/52 MP: 7/7
  3912 | D:5      | Found a staircase to the Ecumenical Temple.
  3918 | Temple   | Entered the Ecumenical Temple
  3919 | Temple   | Fell from the grace of Ru
  4011 | Temple   | Became a worshipper of Nemelex Xobeh the Trickster
  4946 | D:6      | Reached XP level 8. HP: 58/58 MP: 8/8
  5054 | D:6      | Noticed a troll
  5059 | D:6      | Noticed a cyclops
  5061 | D:6      | Reached skill level 5 in Stealth
  5067 | D:6      | Killed a troll
  5077 | D:6      | Killed a cyclops
  5078 | D:6      | Reached skill level 10 in Long Blades
  5106 | D:6      | Gained mutation: You are frail. (-10% HP) [potion of
                  | mutation]
  5106 | D:6      | Gained mutation: Your magical capacity is low. (-10% MP)
                  | [potion of mutation]
  5106 | D:6      | Gained mutation: You have hidden genetic potential. [potion
                  | of mutation]
  5106 | D:6      | Gained mutation: Your muscles are strong. (Str +4, Int/Dex
                  | -1) [potion of mutation]
  5126 | D:6      | Gained mutation: You have a pair of large horns on your
                  | head. [demonic ancestry]
  5126 | D:6      | Reached XP level 9. HP: 56/56 MP: 8/8
  5293 | D:6      | Found Othuen's Magic Scroll Boutique.
  5751 | D:6      | Reached * piety under Nemelex Xobeh
  5936 | D:7      | Gained mutation: Your natural rate of healing is unusually
                  | fast. [hidden potential]
  5967 | D:7      | Found Eudd's Eclectic Emporium.
  6090 | D:7      | Found Bovank's Gadget Gallery.
  6393 | D:7      | Found an ancient bone altar of Kikubaaqudgha.
  6397 | D:7      | Found a shimmering blue altar of Sif Muna.
  6398 | D:7      | Found a radiant altar of Vehumet.
  6412 | D:7      | Got Vehumet's Incunabulum of Blasts
  6511 | D:8      | Noticed Psyche
  6591 | D:8      | Found a runed translucent gate.
  6591 | D:8      | Found a runed translucent gate.
  6591 | D:8      | Found a runed translucent gate.
  6591 | D:8      | Noticed Darius099's ghost (novice MiFi)
  6618 | D:8      | Gained mutation: You are partially covered in sharp spines.
                  | [demonic ancestry]
  6618 | D:8      | Reached XP level 10. HP: 48/63 MP: 9/9
  6898 | D:8      | Received a gift from Nemelex Xobeh
  6984 | D:8      | Killed Psyche
  6985 | D:8      | Reached skill level 1 in Invocations
  6990 | D:8      | Reached skill level 2 in Invocations
  7173 | D:8      | Reached ** piety under Nemelex Xobeh
  7491 | D:9      | Noticed a sixfirhy
  7506 | D:9      | Reached skill level 3 in Invocations
  7511 | D:9      | Gained mutation: Your flesh is heat resistant. (rF+)
                  | [hidden potential]
  7511 | D:9      | Lost mutation: You have hidden genetic potential. [hidden
                  | potential expressed]
  7559 | D:9      | Reached skill level 4 in Invocations
  7783 | D:9      | Found a runed translucent gate.
  7784 | D:9      | Found a runed translucent gate.
  7785 | D:9      | Found a runed translucent gate.
  7827 | D:9      | Reached skill level 5 in Invocations
  8055 | D:9      | Noticed a cyan ugly thing
  8126 | D:9      | Found a transporter.
  8127 | D:9      | Found a transporter.
  8129 | D:9      | Found a transporter.
  8240 | D:9      | Reached *** piety under Nemelex Xobeh
  8333 | D:9      | Noticed Pokonic1's ghost (novice GrMo)
  8525 | D:9      | Found a transporter.
  8675 | D:10     | Entered Level 10 of the Dungeon
  8705 | D:10     | Reached skill level 1 in Shields
  8807 | D:10     | Received a gift from Nemelex Xobeh
  8848 | D:10     | Reached skill level 6 in Invocations
  8850 | D:10     | Found a staircase to the Lair.
  8865 | D:10     | Found a stormy altar of Qazlal.
  8866 | D:10     | Found an ornate altar of the Wu Jian Council.
  8987 | D:10     | Noticed a tengu warrior
  9001 | D:10     | Killed a tengu warrior
  9325 | D:10     | Found a runed translucent gate.
  9325 | D:10     | Found a runed translucent gate.
  9325 | D:10     | Found a runed translucent gate.
  9326 | D:10     | Noticed puppykicker's ghost (novice AtCA)
  9326 | D:10     | Noticed a spectral centaur warrior
  9329 | D:10     | Noticed a spectral centaur warrior
  9431 | D:10     | Reached **** piety under Nemelex Xobeh
  9447 | D:10     | Reached skill level 7 in Invocations
  9451 | D:10     | Gained mutation: You are partially covered in icy blue
                  | scales. (AC +2) [demonic ancestry]
  9451 | D:10     | Reached XP level 11. HP: 67/67 MP: 14/14
  9554 | D:10     | Received a gift from Nemelex Xobeh
  9698 | D:10     | Found a hazy altar of Hepliaklqana.
  9703 | D:10     | Found a snail-covered altar of Cheibriados.
  9703 | D:10     | Found a blossoming altar of Fedhas.
  9704 | D:10     | Found a hide-covered altar of Uskayaw.
  9706 | D:10     | Found a shadowy altar of Dithmenos.
  9711 | D:10     | Found an iron altar of Okawaru.
  9712 | D:10     | Found a bloodstained altar of Trog.
 10092 | D:11     | Reached skill level 8 in Invocations
 10160 | D:11     | Reached skill level 9 in Invocations
 10216 | D:11     | Reached skill level 1 in Armour
 10216 | D:11     | Reached skill level 1 in Evocations
 10700 | D:11     | Noticed a minotaur
 10732 | D:11     | Killed a minotaur
 10872 | D:11     | Noticed a minotaur
 10993 | Lair:1   | Entered Level 1 of the Lair of Beasts
 11000 | Lair:1   | Found a runed translucent door.
 11001 | Lair:1   | Found the +4 moon troll leather armour {Spirit, Regen++
                  | MP+5}
 11002 | Lair:1   | Noticed dracfodder's ghost (journeyman GrFi)
 11260 | Lair:1   | Received a gift from Nemelex Xobeh
 11283 | Lair:1   | Reached skill level 5 in Shields
 11307 | Lair:1   | Found a dark tunnel.
 11312 | Lair:1   | Reached skill level 10 in Invocations
 11320 | Volcano  | Entered a volcano
 11522 | Volcano  | Found a burning altar of Makhleb.
 11522 | Volcano  | Noticed a hell hog
 11528 | Volcano  | Killed a hell hog
 11529 | Volcano  | Reached XP level 12. HP: 48/75 MP: 17/17
 11675 | Volcano  | Reached skill level 5 in Fighting
 11767 | Lair:1   | Noticed Urug
 11789 | Lair:1   | Killed Urug
 11929 | Lair:1   | Found a basalt altar of Yredelemnul.
 12003 | Lair:1   | Reached ***** piety under Nemelex Xobeh
 12028 | Lair:1   | Noticed Maggie
 12038 | Lair:1   | Killed Maggie
 12385 | Lair:2   | Noticed a catoblepas
 12397 | Lair:1   | Killed a catoblepas
 12437 | Lair:1   | Killed dracfodder's ghost
 12438 | Lair:1   | Reached skill level 11 in Invocations
 12560 | Lair:2   | Reached skill level 5 in Dodging
 12567 | Lair:2   | Reached skill level 5 in Evocations
 12599 | Lair:2   | Reached skill level 5 in Armour
 12621 | Lair:2   | Found a staircase to the Snake Pit.
 12748 | Lair:2   | Received a gift from Nemelex Xobeh
 12928 | Lair:2   | Noticed Amaemon
 12939 | Lair:2   | Killed Amaemon
 12940 | Lair:2   | Reached skill level 12 in Invocations
 12940 | Lair:2   | Gained mutation: You are mostly covered in icy blue scales.
                  | (AC +3) [demonic ancestry]
 12940 | Lair:2   | Reached XP level 13. HP: 76/85 MP: 19/19
 13139 | Lair:2   | Received a gift from Nemelex Xobeh
 13456 | Lair:3   | Found a staircase to the Swamp.
 13470 | Lair:3   | Received a gift from Nemelex Xobeh
 13845 | Lair:3   | Received a gift from Nemelex Xobeh
 14594 | D:7      | Bought a manual of Evocations for 960 gold pieces
 14824 | Lair:4   | Noticed Nessos
 14829 | Lair:4   | Nessos changed into Nessos the cane toad
 14829 | Lair:4   | Noticed Nessos
 14831 | Lair:4   | Killed Nessos the cane toad
 15095 | Lair:4   | Reached skill level 13 in Invocations
 15171 | Lair:4   | Reached ****** piety under Nemelex Xobeh
 15171 | Lair:4   | Received a gift from Nemelex Xobeh
 15212 | Lair:4   | Found a viscous altar of Jiyva.
 15716 | Lair:4   | Found a staircase to the Slime Pits.
 15770 | Lair:4   | Identified the ring "Zuopsim" {Wiz SInv}
 15901 | Lair:5   | Entered Level 5 of the Lair of Beasts
 16125 | Lair:5   | Reached XP level 14. HP: 86/95 MP: 20/21
 16761 | Lair:5   | Reached skill level 14 in Invocations
 16899 | Lair:5   | Received a gift from Nemelex Xobeh
 17359 | Lair:5   | Found a runed translucent door.
 18072 | Lair:5   | Paralysed by a hornet for 1 turns
 18414 | D:11     | Received a gift from Nemelex Xobeh
 18461 | D:11     | Reached skill level 10 in Evocations
 19240 | D:12     | Noticed Lodul
 19256 | D:12     | Paralysed by Lodul for 2 turns
 19259 | D:12     | Killed Lodul
 19313 | D:12     | Received a gift from Nemelex Xobeh
 19313 | D:12     | Found Cugistrai's General Store.
 19334 | D:12     | Noticed Azrael
 19362 | D:12     | Reached skill level 10 in Fighting
 19362 | D:12     | Gained mutation: You are mostly covered in sharp spines.
                  | [demonic ancestry]
 19362 | D:12     | Reached XP level 15. HP: 101/103 MP: 22/22
 19414 | D:12     | Killed Azrael
 19681 | D:12     | Found Xooh's Antique Armour Emporium.
 19747 | D:12     | Found a staircase to the Orcish Mines.
 19764 | D:12     | Received a gift from Nemelex Xobeh
 19954 | Orc:1    | Entered Level 1 of the Orcish Mines
 19985 | Orc:1    | Received a gift from Nemelex Xobeh
 20091 | Orc:1    | You fall into a shaft and drop 1 floor!
 20091 | Orc:2    | Entered Level 2 of the Orcish Mines
 20840 | Orc:2    | Received a gift from Nemelex Xobeh
 20866 | Orc:2    | Found Zefoipp's Weapon Shoppe.
 21009 | Orc:2    | Received a gift from Nemelex Xobeh
 21015 | Orc:2    | Found Nynisom's Jewellery Shoppe.
 21015 | Orc:2    | Found Utuet's Distillery.
 21016 | Orc:2    | Found Voramad's Armour Emporium.
 21020 | Orc:2    | Found Migal's Magic Scroll Shoppe.
 21024 | Orc:2    | Bought a potion of heal wounds for 70 gold pieces
 21024 | Orc:2    | Bought a potion of heal wounds for 70 gold pieces
 21058 | Orc:2    | Bought a scroll of blinking for 120 gold pieces
 21058 | Orc:2    | Bought a scroll of teleportation for 48 gold pieces
 21182 | Orc:2    | Found a staircase to the Elven Halls.
 21253 | Orc:2    | Bought a scroll of fear for 64 gold pieces
 21342 | Orc:1    | Found a burning altar of Makhleb.
 21372 | Orc:1    | Found a transporter.
 21426 | Orc:1    | Received a gift from Nemelex Xobeh
 21499 | Orc:1    | Found a one-way gate to the infinite horrors of the Abyss.
 21501 | Orc:1    | Found a transporter.
 21504 | Orc:1    | Noticed elongatedgoose's ghost (journeyman MiFi)
 21625 | Orc:1    | Noticed Josephine
 21640 | Orc:1    | Killed Josephine
 21676 | Orc:1    | Found a bloodstained altar of Trog.
 22049 | D:13     | Found Rakkuttu's General Store.
 22064 | D:13     | Received a gift from Nemelex Xobeh
 22453 | D:14     | Received a gift from Nemelex Xobeh
 22698 | D:14     | Reached skill level 10 in Dodging
 22734 | D:14     | Found a gate to the Vaults.
 23077 | D:14     | Reached skill level 10 in Armour
 23093 | D:14     | Noticed Louise
 23102 | D:14     | Killed Louise
 23238 | D:14     | Received a gift from Nemelex Xobeh
 23803 | D:15     | Entered Level 15 of the Dungeon
 24404 | D:15     | Found a staircase to the Depths.
 24441 | D:15     | Received a gift from Nemelex Xobeh
 24476 | D:15     | Gained mutation: You are completely covered in icy blue
                  | scales. (AC +4, rC+) [demonic ancestry]
 24476 | D:15     | Reached XP level 16. HP: 109/109 MP: 24/24
 24899 | Swamp:1  | Entered Level 1 of the Swamp
 25204 | Swamp:1  | Received a gift from Nemelex Xobeh
 25493 | Swamp:1  | Found a shimmering blue altar of Sif Muna.
 25592 | Swamp:1  | Received a gift from Nemelex Xobeh
 26338 | Swamp:2  | Reached skill level 15 in Invocations
 26351 | Swamp:2  | Identified the +2 ring mail "Xitasiem" {rF- Dex+3}
 26496 | Swamp:2  | Received a gift from Nemelex Xobeh
 27328 | Swamp:3  | Noticed a thorn hunter
 27444 | Swamp:3  | Killed a thorn hunter
 27478 | Swamp:3  | Received a gift from Nemelex Xobeh
 27700 | Swamp:3  | Reached skill level 16 in Invocations
 27741 | Swamp:3  | Received a gift from Nemelex Xobeh
 27860 | Swamp:4  | Entered Level 4 of the Swamp
 27951 | Swamp:4  | Noticed a thorn hunter
 27976 | Swamp:4  | Killed a thorn hunter
 28599 | Swamp:4  | Gained mutation: You regenerate a lot of health from kills.
                  | [demonic ancestry]
 28599 | Swamp:4  | Reached XP level 17. HP: 123/123 MP: 26/26
 28719 | Swamp:4  | Got a decaying rune of Zot
 29363 | Orc:2    | Bought a ring of poison resistance for 280 gold pieces
 29366 | Orc:2    | Bought a potion of curing for 42 gold pieces
 29366 | Orc:2    | Bought a potion of curing for 42 gold pieces
 29366 | Orc:2    | Bought a potion of magic for 112 gold pieces
 29366 | Orc:2    | Bought a potion of mutation for 112 gold pieces
 29503 | Snake:1  | Entered Level 1 of the Snake Pit
 29542 | Snake:1  | Reached skill level 17 in Invocations
 29565 | Snake:1  | Received a gift from Nemelex Xobeh
 29996 | Snake:1  | Found Efatwer's Book Boutique.
 29996 | Snake:1  | Found Boer's Jewellery Shoppe.
 29997 | Snake:1  | Found Tazogatu's Jewellery Shoppe.
 29999 | Snake:1  | Noticed Aizul
 30009 | Snake:1  | Killed Aizul
 30013 | Snake:1  | Bought the ring "Dihuwku" {rElec rPois Will+ rCorr Str+4}
                  | for 730 gold pieces
 30021 | Snake:1  | Bought a book of the Warp for 630 gold pieces
 30026 | Snake:1  | Learned a level 4 spell: Manifold Assault
 30045 | Snake:1  | Found a hazy altar of Hepliaklqana.
 30159 | Snake:2  | Reached skill level 1 in Translocations
 30386 | Snake:2  | Reached skill level 15 in Fighting
 30597 | Snake:2  | Noticed Vashnia
 30630 | Snake:2  | Killed Vashnia
 30787 | Snake:2  | Reached skill level 5 in Translocations
 30987 | Snake:2  | Received a gift from Nemelex Xobeh
 31185 | Snake:2  | Found the +8 demon trident "Rift" {distort, reach+}
 31399 | Snake:3  | Reached skill level 1 in Polearms
 32141 | Snake:3  | Reached XP level 18. HP: 135/135 MP: 2/27
 32365 | Snake:3  | Identified the +5 chain mail "Wunoqo" {rC- rCorr Dex+3
                  | SInv}
 32548 | Snake:4  | Entered Level 4 of the Snake Pit
 32548 | Snake:4  | Received a gift from Nemelex Xobeh
 32565 | Snake:4  | Noticed Saint Roka
 32567 | Snake:4  | Saint Roka changed into Saint Roka the iron dragon
 32567 | Snake:4  | Noticed Saint Roka
 32804 | Snake:4  | Killed Saint Roka the iron dragon
 32889 | Snake:4  | Received a gift from Nemelex Xobeh
 32935 | Snake:4  | Reached skill level 5 in Polearms
 34492 | Snake:4  | Received a gift from Nemelex Xobeh
 34595 | Snake:4  | Got a serpentine rune of Zot
 35249 | Elf:1    | Entered Level 1 of the Elven Halls
 35255 | Elf:1    | Paralysed by an air elemental for 1 turns
 35380 | Elf:1    | Reached skill level 10 in Translocations
 35619 | Elf:1    | Found Tiacsune's Assorted Antiques.
 35632 | Elf:1    | Noticed Zenata
 35643 | Elf:1    | Killed Zenata
 35745 | Elf:1    | Received a gift from Nemelex Xobeh
 36374 | Elf:2    | Learned a level 2 spell: Blink
 36376 | Elf:2    | Learned a level 1 spell: Apportation
 36457 | Elf:2    | Paralysed by an air elemental for 1 turns
 36513 | Elf:2    | Found a runed translucent gate.
 36513 | Elf:2    | Found a runed translucent gate.
 36513 | Elf:2    | Found a runed translucent gate.
 36515 | Elf:2    | Noticed cforsyth's ghost (adept DEEE)
 36521 | Elf:2    | Found a viscous altar of Jiyva.
 36776 | Elf:2    | Received a gift from Nemelex Xobeh
 37025 | Elf:2    | Reached skill level 10 in Polearms
 37099 | Elf:2    | Found a runed translucent gate.
 37101 | Elf:2    | Found a runed translucent gate.
 37106 | Elf:2    | Found a runed translucent gate.
 37172 | Elf:3    | Entered Level 3 of the Elven Halls
 37264 | Elf:1    | Identified the +1 robe of Elyvilon's Grace {rElec rC+ rCorr
                  | Int+2}
 37331 | Elf:1    | Reached XP level 19. HP: 130/141 MP: 27/28
 37496 | Elf:1    | Identified the +5 plate armour of Taer {Dex+3}
 38095 | Elf:3    | Received a gift from Nemelex Xobeh
 38400 | Elf:3    | Found Athuf's Weapon Boutique.
 38406 | Elf:3    | Received a gift from Nemelex Xobeh
 38906 | Elf:3    | Identified the amulet of Suot {RegenMP Dex+3}
 38928 | Elf:3    | HP: 4/141 [deep elf master archer/arrow (34)]
 39161 | Elf:3    | Identified the ring "Myneni" {rPois rN+}
 39244 | Elf:3    | Identified the +4 shortbow of Chance {antimagic, rPois rC-
                  | rN+++ Stlth-}
 39432 | Elf:3    | Identified the +3 chain mail "Wesaos" {Str+2}
 39459 | Elf:3    | Identified the amulet of Ewyck {Fly Regen+ Int+6}
 39463 | Elf:3    | Got the Secrets of Death and Venom
 39812 | Vaults:1 | Entered Level 1 of the Vaults
 39895 | Vaults:1 | Reached skill level 1 in Spellcasting
 40085 | Snake:1  | Bought the ring of Mocoh {Drain rElec rPois Will+++ Str+3}
                  | for 1191 gold pieces
 40492 | Vaults:1 | Reached skill level 10 in Shields
 40689 | Vaults:1 | Reached XP level 20. HP: 147/147 MP: 29/29
 41153 | Vaults:1 | Found Miokirphi's Assorted Antiques.
 41343 | Vaults:1 | Reached skill level 18 in Invocations
 41454 | Vaults:1 | Received a gift from Nemelex Xobeh
 42223 | Vaults:2 | Reached skill level 5 in Spellcasting
 42311 | Vaults:2 | Received a gift from Nemelex Xobeh
 42960 | Vaults:2 | Received a gift from Nemelex Xobeh
 43180 | Vaults:2 | Learned a level 6 spell: Death Channel
 43465 | Vaults:2 | Reached skill level 1 in Necromancy
 44070 | Vaults:2 | Lost mutation: You are frail. (-10% HP) [demonic ancestry]
 44070 | Vaults:2 | Gained mutation: You are robust. (+10% HP) [demonic
                  | ancestry]
 44070 | Vaults:2 | Reached XP level 21. HP: 147/187 MP: 30/30
 44567 | Elf:2    | Banished cforsyth's ghost
 44828 | Elf:2    | Learned a level 2 spell: Wereblood
 44871 | Elf:2    | Received a gift from Nemelex Xobeh
 44993 | Elf:2    | Reached skill level 5 in Necromancy
 45429 | Orc:1    | Banished elongatedgoose's ghost
 45471 | Orc:1    | Identified the +1 pair of boots of the Sturgeon {rF+}
 45664 | D:8      | Killed Darius099's ghost
 45811 | D:9      | Killed Pokonic1's ghost
 46015 | D:10     | Killed puppykicker's ghost
 46258 | D:7      | Bought a potion of experience for 600 gold pieces
 46258 | D:7      | Reached XP level 22. HP: 194/194 MP: 31/31
 46542 | Vaults:3 | Reached skill level 15 in Shields
 46598 | Vaults:3 | Found a crumbling gateway.
 46654 | Desolati | Entered the Desolation of Salt
 46654 | Desolati | Received a gift from Nemelex Xobeh
 46803 | Desolati | Received a gift from Nemelex Xobeh
 46913 | Desolati | Reached skill level 1 in Transmutations
 47088 | Desolati | Found the +3 pair of mountain boots {steadfast, rC+}
 47091 | Desolati | Got the Commentary on the Jaunt and Corruption
 47094 | Desolati | Identified the ring "Ekux" {rPois rN+++ MP-9 Int-5 Dex+8}
 47269 | Desolati | Identified the +5 scimitar "Saschila" {freeze, rPois rN+
                  | Will+ rCorr}
 47277 | Desolati | Identified the ring "Xech" {rPois rN+ Str-4 Int+6 Dex+3}
 47315 | Desolati | Identified the +1 arbalest "Itumo" {heavy, *Corrode Will+
                  | MP+9 Str+4}
 47320 | Desolati | Identified the ring of Yrphaf {Will++ Str-4 Int+6}
 47665 | Desolati | Received a gift from Nemelex Xobeh
 47676 | Desolati | Got Suhuo's Meditations on Chilled Energy
 47678 | Desolati | Got Hugane Foro's Excursus on Transposition
 47893 | Vaults:3 | Identified the +9 quarterstaff "Hiegh" {freeze, Fragile
                  | Str+3 Int+6 Dex-3}
 48058 | Vaults:3 | Reached skill level 10 in Necromancy
 48260 | Vaults:3 | Received a gift from Nemelex Xobeh
 48644 | Vaults:3 | Found Uweefuc's Weapon Boutique.
 48646 | Vaults:3 | Noticed Asterion
 48652 | Vaults:3 | Banished Asterion
 49017 | Vaults:3 | Reached skill level 5 in Transmutations
 49045 | Vaults:3 | Gained mutation: You are very robust. (+20% HP) [demonic
                  | ancestry]
 49045 | Vaults:3 | Reached XP level 23. HP: 194/219 MP: 7/32
 49199 | Vaults:3 | Found a staircase to the Crypt.
 49403 | Vaults:4 | Noticed Frederick
 49416 | Vaults:4 | Killed Frederick
 49911 | Vaults:4 | Noticed Sojobo
 49917 | Vaults:4 | Banished Sojobo
 50337 | Vaults:4 | Received a gift from Nemelex Xobeh
 51435 | Depths:1 | Entered Level 1 of the Depths
 51443 | Depths:1 | Noticed a juggernaut
 51460 | Depths:1 | Killed a juggernaut
 51471 | Depths:1 | Received a gift from Nemelex Xobeh
 51474 | Depths:1 | Found Nyzanerom's Antique Weapon Emporium.
 52048 | Depths:1 | Found a gateway to Hell.
 52354 | Depths:1 | Identified the +1 ring mail of Solemn Freedom {Rampage
                  | rPois Will+}
 52673 | Depths:1 | Found a one-way gateway to a ziggurat.
 53096 | Depths:1 | Found a shadowy altar of Dithmenos.
 53097 | Depths:1 | Received a gift from Nemelex Xobeh
 53612 | Depths:2 | Found an iron altar of Okawaru.
 53755 | Depths:2 | Found a one-way gate leading to the halls of Pandemonium.
 53933 | Depths:2 | Found a runed translucent door.
 53942 | Depths:2 | Received a gift from Nemelex Xobeh
 53942 | Depths:2 | Noticed a caustic shrike
 53943 | Depths:2 | Noticed a caustic shrike
 53958 | Depths:2 | Reached skill level 19 in Invocations
 54526 | Depths:2 | Reached skill level 20 in Invocations
 54689 | Depths:2 | Gained mutation: You are extremely robust. (+30% HP)
                  | [demonic ancestry]
 54689 | Depths:2 | Reached XP level 24. HP: 220/248 MP: 33/33
 55027 | Depths:3 | Received a gift from Nemelex Xobeh
 55031 | Depths:3 | Found a shadowy altar of Dithmenos.
 56265 | Depths:4 | Entered Level 4 of the Depths
 56305 | Depths:4 | Received a gift from Nemelex Xobeh
 56320 | Depths:4 | Identified the +0 trident "Beetleslayer" {venom, *Corrode
                  | rElec rN+ Str+3}
 56528 | Depths:4 | Found an opulent altar of Gozag.
 56590 | Depths:4 | Found Qeergh's Antique Weapon Emporium.
 56705 | Depths:4 | Found a gate to the Realm of Zot.
 57489 | Orc:2    | Bought a scroll of enchant weapon for 120 gold pieces
 57489 | Orc:2    | Bought a scroll of fog for 64 gold pieces
 57553 | Elf:1    | Bought a scroll of blinking for 240 gold pieces
 58406 | Slime:1  | Entered Level 1 of the Pits of Slime
 59391 | Slime:3  | Received a gift from Nemelex Xobeh
 59456 | Slime:3  | Received a gift from Nemelex Xobeh
 59740 | Slime:4  | Received a gift from Nemelex Xobeh
 59830 | Slime:5  | Entered Level 5 of the Pits of Slime
 60796 | Slime:5  | Found a viscous altar of Jiyva.
 60796 | Slime:5  | Noticed the Royal Jelly
 60851 | Slime:5  | Killed the Royal Jelly
 60852 | Slime:5  | Reached skill level 15 in Necromancy
 60860 | Slime:5  | Reached skill level 21 in Invocations
 60897 | Slime:5  | Found the +7 lajatang of Order {silver, rMut}
 60909 | Slime:5  | Identified the +6 chain mail of Bepnuur {Rampage rC- Will+
                  | Regen+}
 61067 | Slime:5  | Got a slimy rune of Zot
 61072 | Slime:5  | Identified the ring of Cootisa {Fly rPois rN+ Str+4 Int-2}
 61090 | Slime:5  | Received a gift from Nemelex Xobeh
 61103 | Slime:5  | Identified the +8 quarterstaff "Lapn" {freeze, rF+ rCorr}
 61131 | Slime:5  | Identified the +2 great mace "Duybup" {venom, rC+ Int+2}
 61253 | Slime:5  | Gained mutation: You are completely covered in sharp
                  | spines. [demonic ancestry]
 61253 | Slime:5  | Reached XP level 25. HP: 260/260 MP: 18/33
 62798 | Vaults:5 | Entered Level 5 of the Vaults
 62809 | Vaults:5 | Reached skill level 15 in Dodging
 62833 | Vaults:5 | Received a gift from Nemelex Xobeh
 62886 | Vaults:5 | Noticed an ancient lich
 63172 | Vaults:5 | Identified the +1 scale mail of Gaumaq {Drain rN+ Regen+}
 63639 | Vaults:5 | Reached skill level 15 in Evocations
 63999 | Vaults:5 | Banished an ancient lich
 64006 | Vaults:5 | Reached skill level 22 in Invocations
 64085 | Vaults:5 | Identified the +2 scale mail "Weubeg" {rF+++ rN++ Int-4}
 64087 | Vaults:5 | Identified the +5 demon whip "Roemn" {flame, *Slow MP+9
                  | Str+8 Dex-3}
 64188 | Vaults:5 | Got a silver rune of Zot
 64264 | Vaults:5 | Noticed a dread lich
 64270 | Vaults:5 | Killed a dread lich
 64305 | Vaults:5 | Identified the +2 leather armour of Disappointment {Harm
                  | Int+5 Stlth-}
 64465 | Vaults:5 | Received a gift from Nemelex Xobeh
 64909 | Vaults:5 | Identified the +1 pair of gloves of Dicajiem {Int+3 Dex+3}
 64932 | Vaults:5 | Identified the +12 hand axe of the Fox {heavy, rElec rC-
                  | Str-2 Dex+9}
 65196 | Vaults:5 | Identified the ring "Odoaluud" {rElec rF- rN+ MP+9 Int+3}
 66135 | Zot:1    | Entered Level 1 of the Realm of Zot
 66285 | Zot:1    | Received a gift from Nemelex Xobeh
 67618 | D:12     | Bought a scroll of identify for 24 gold pieces
 68030 | Zot:2    | Received a gift from Nemelex Xobeh
 68107 | Zot:2    | Reached XP level 26. HP: 262/274 MP: 11/34
 68992 | Zot:2    | Noticed a dread lich
 69001 | Zot:2    | Killed a dread lich
 69060 | Zot:2    | Identified the +2 giant club "Undertaker" {freeze, rC+
                  | rCorr Dex+2}
 69412 | Zot:3    | Identified a scroll of acquirement
 69463 | Zot:3    | Acquired a Necronomicon
 69472 | Zot:3    | Noticed an orb of fire
 69473 | Zot:3    | Banished an orb of fire
 69700 | Zot:3    | Reached skill level 23 in Invocations
 69928 | Zot:3    | Received a gift from Nemelex Xobeh
 69959 | Zot:3    | Gained mutation: You are dopey. (Int -2) [an orb of fire]
 69960 | Zot:3    | Noticed an orb of fire
 70313 | Zot:3    | Gained mutation: You occasionally shout uncontrollably at
                  | your foes. [an orb of fire]
 70314 | Zot:3    | Gained mutation: Armour fits poorly on your strangely
                  | shaped body. [an orb of fire]
 70326 | Zot:3    | Gained mutation: You occasionally lose the ability to drink
                  | potions when taking damage. [an orb of fire]
 70329 | Zot:3    | Banished an orb of fire
 72002 | Zot:4    | Reached skill level 24 in Invocations
 72004 | Zot:4    | Received a gift from Nemelex Xobeh
 72414 | Zot:5    | Entered Level 5 of the Realm of Zot
 72432 | Zot:5    | Received a gift from Nemelex Xobeh
 73096 | Zot:5    | Noticed an orb of fire
 73096 | Zot:5    | Noticed an ancient lich
 73096 | Zot:5    | Noticed an orb of fire
 73097 | Zot:5    | Gained mutation: Your body sometimes deteriorates upon
                  | taking damage. [an orb of fire]
 73115 | Zot:5    | Banished an orb of fire
 73130 | Zot:5    | Killed an orb of fire
 73131 | Zot:5    | Reached XP level 27. HP: 132/282 MP: 9/35
 73134 | Zot:5    | a Killer Klown changed into a juggernaut
 73134 | Zot:5    | Noticed a juggernaut
 73144 | Zot:5    | Banished a juggernaut
 73282 | Zot:5    | Noticed an ancient lich
 73293 | Zot:5    | Killed an ancient lich
 73304 | Zot:5    | Killed an ancient lich
 73508 | Zot:5    | Noticed a dread lich
 73514 | Zot:5    | Reached skill level 25 in Invocations
 73519 | Zot:5    | Killed a dread lich
 73697 | Zot:5    | Noticed an ancient lich
 73707 | Zot:5    | Identified the -1 trident of Haunted Guile {flame, rC++
                  | Str+4 Stlth-}
 73716 | Zot:5    | Killed an ancient lich
 73716 | Zot:5    | Noticed an ancient lich
 73718 | Zot:5    | Noticed an orb of fire
 73724 | Zot:5    | Killed an ancient lich
 73726 | Zot:5    | Banished an orb of fire
 73960 | Zot:5    | Received a gift from Nemelex Xobeh
 74040 | Zot:5    | Got the Orb of Zot
 74192 | Zot:2    | Noticed an ancient lich
 74211 | Zot:2    | Killed an ancient lich
 74374 | Depths:1 | Noticed Komm the pandemonium lord
 74524 | D:11     | Reached skill level 26 in Invocations
 74584 | D:9      | Noticed Dyakh the pandemonium lord
 74824 | D:$      | Escaped with the Orb!

Illustrated notes

Levels and vault maps discovered:
D:1:      dpeg_arrival_more_subterranean_lakeside_camping, layout_basic,
          st_stairs_4, minmay_bisected
D:2:      minmay_door_path, layout_basic, basic_altar
D:3:      layout_rooms, mainiacjoe_overflow_small_starburst
D:4:      layout_basic, serial_shops, nicolae_shop_advertising_works
          [nicolae_subvault_shop_adworks], lightli_sewer_entry_pipes
D:5:      layout_loops_ring, minmay_temple_entry_hall
D:6:      cheibrodos_fzero, layout_loops_ring, serial_shops,
          nicolae_square_shop, minmay_manual_moon
D:7:      layout_rooms, grunt_temple_overflow_magic_moments,
          nicolae_alphabet_shops, nicolae_shop_gadgets
D:8:      layout_basic, gammafunk_ghost_icy, uniq_psyche
D:9:      layout_layer_cave, gammafunk_ghost_spectres, serial_glass,
          glass_columns_b, glass_columns_a, glass_columns_b, glass_columns_a,
          glass_columns_a, glass_columns_b, glass_columns_a, glass_columns_a,
          skrybe_limestone_x, nicolae_diode_quadrants
D:10:     minmay_blocky_corners, layout_stronghold,
          nicolae_overflow_hallway_of_the_gods, due_lair_maze_entry_diamond,
          gammafunk_ghost_necromancy, kennysheep_crisscross
D:11:     fort_yaktaur, layout_gridville
D:12:     layout_basic, david_orc_3, serial_shops, kennysheep_little_box,
          nicolae_shop_stone, uniq_azrael, uniq_lodul
D:13:     layout_rooms, serial_shops, shop
D:14:     minmay_opposing_rooms, layout_stronghold, grunt_vaults_entry_tiered,
          uniq_louise
D:15:     hangedman_depths_entry_try_elsewhere_first, layout_loops_ring,
          corexii_leaking_fountain
Temple:   nicolae_temple_great_sept
Lair:1:   layout_regular_city, ebering_ghost_inner_flame, basic_altar,
          enter_volcano_3, uniq_urug, uniq_maggie
Lair:2:   layout_chaotic_city, dummy_snake_entry, grunt_forest_small_clearings,
          uniq_amaemon
Lair:3:   layout_cave_pods, minmay_swamp_entry_swarm
Lair:4:   layout_roguey [special_room_bee], minmay_slime_entry_oklob_open,
          uniq_nessos
Lair:5:   wormcave, layout_long_grid, hangedman_lair_tendril_chambers,
          lemuel_fruit_fields
Swamp:1:  nicolae_swamp_secret_spriggan_hideout, layout_falls_marsh,
          nicolae_swamp_godswood
Swamp:2:  nicolae_swamp_flooded_prison, layout_basic_swamp,
          nicolae_swamp_decorative_isthmus
Swamp:3:  layout_falls_marsh, hangedman_swamp_blocks, swamp_pool3,
          infiniplex_staircase_pool
Swamp:4:  swamp_fiery, layout_basic_swamp
Snake:1:  layout_grid_shapes, basic_altar, minmay_shop_grove, uniq_aizul
Snake:2:  minmay_snake_river, layout_onion_interference,
          nicolae_snake_the_dead_are_slithering, nicolae_integral_box,
          uniq_vashnia
Snake:3:  layout_misc_corridors
Snake:4:  grunt_snake_rune_spirals, layout_onion, uniq_saint_roka
Slime:1:  layout_caves, cheibrodos_slime_lost_civilization_4
Slime:2:  layout_caves
Slime:3:  cheibrodos_slime_lost_civilization_9, layout_caves
Slime:4:  layout_caves
Slime:5
Orc:1:    layout_diamond_mine, gammafunk_ghost_abyssal_escape, basic_altar,
          bloody_makhleb, uniq_josephine
Orc:2:    st_orc_mages, layout_caves, serial_shops, shop
Elf:1:    nicolae_elf_arrival_aired_out, layout_onion_city, serial_shops,
          shop_fountains, evilmike_minifort, patterned_corridor, uniq_zenata
Elf:2:    nicolae_elf_blades_splatter_lattice
          [nicolae_vaults_blade_armed_guards], layout_geoelf_diagonals,
          gammafunk_ghost_ooze
Elf:3:    minmay_elf_hall_four_x, layout_rooms, serial_shops,
          nicolae_shop_bloodbath_and_beyond, nicolae_elf_crossing_hall
Vaults:1: vaults_dpeg_hooks, ontoclasm_vaults_spin, v_pattern_1,
          dpeg_vaults_waves, v_misc_24, vaults_mumra_minichess,
          nicolae_vaults_network_quincunx
          [nicolae_vaults_network_quincunx_subvault,
          nicolae_vaults_network_quincunx_subvault,
          nicolae_vaults_network_quincunx_subvault,
          nicolae_vaults_network_quincunx_subvault,
          nicolae_vaults_network_quincunx_subvault], v_misc_3,
          vaults_room_ringed_pool, ontoclasm_vaults_hangar, v_misc_5,
          layout_vaults_maze_bifur, serial_shops, shop
Vaults:2: nicolae_vaults_little_squares_5, nicolae_vaults_little_ls, v_misc_8,
          v_misc_18, hangedman_vaults_nails, nicolae_vaults_what_the_h,
          vaults_room_grid, hangedman_vaults_locks,
          nicolae_vaults_windows_and_doors_thing, v_misc_1,
          layout_vaults_big_room
Vaults:3: portal_desolation_entry_ruin, ontoclasm_vaults_gallery, v_misc_16,
          dpeg_vaults_monster_row, ontoclasm_vaults_misaligned,
          ontoclasm_vaults_ring_large, minmay_crypt_entry_simple_statues,
          vaults_room_pool, v_rooms_5, nicolae_vaults_mini_display_case,
          v_pattern_5, layout_vaults_omnicross, serial_shops,
          nicolae_shop_crystal, uniq_asterion
Vaults:4: nicolae_vaults_back_hallway, nicolae_vaults_little_squares_6,
          v_misc_14, st_lines, vaults_room_corners, v_misc_9,
          ontoclasm_vaults_decontamination, v_misc_2, vaults_mumra_chevron,
          vaults_room_hallway, hangedman_vaults_trim, nicolae_vaults_theta,
          ontoclasm_vaults_twist, v_misc_24, ontoclasm_vaults_fault,
          ontoclasm_vaults_pinch, serial_ice_g, layout_vaults_ring,
          uniq_frederick, uniq_sojobo
Vaults:5
Depths:1: layout_gridville, enter_ziggurat_a, serial_bayou_shore_a,
          serial_shops, shop, hell_entry,
          nicolae_dithmenos_through_a_glass_darkly, kennysheep_cross_landing
Depths:2: minmay_the_grid_triangle_9x9_rhombus_full_mashed
          [minmay_the_grid_triangle_9x9_steps,
          minmay_the_grid_triangle_9x9_subtriangle,
          minmay_the_grid_triangle_9x9_longest,
          minmay_the_grid_triangle_9x9_pentomino_pain,
          minmay_the_grid_triangle_9x9_corruption,
          minmay_the_grid_triangle_9x9_thin_v,
          minmay_the_grid_triangle_9x9_zippers_horizontal,
          minmay_the_grid_triangle_9x9_prize_top_heavy], layout_small_grid,
          hangedman_tar_grid_catacomb, pan_entry, okawaru_trees_2
Depths:3: minmay_firetagon, layout_twisted_cross, pan_entry,
          abyss_entry_crystal, hell_entry, lemuel_crystal_altar, nrook_campfire
Depths:4: grunt_zot_entry_alcove, layout_basic, grunt_gozag_breadcrumbs,
          serial_shops, nicolae_shop_behind_doors, hell_entry, pan_entry
Zot:1:    layout_gridlike
Zot:2:    hangedman_snap_crack_crunch, layout_concentric_octagons, st_stairs_4
Zot:3:    layout_misc_corridors, grunt_megastairs_4
Zot:4:    layout_gridlike, skrybe_zot_glass_3
Zot:5:    layout_cellular_growth

Skill      XL: |  1  2  3  4  5  6  7  8  9 10 11 12 13 14 15 16 17 18 19 20 21 22 23 24 25 26 27 |
---------------+----------------------------------------------------------------------------------+-----
Long Blades    | 3 4 5 6 8 10 12 13 14 | 14.0
Maces & Flails | 1 2 |  2.1
Stealth        | 5 7 9 |  9.0
Invocations    | 7 10 12 13 14 16 17 18 20 21 22 24 26 | 26.1
Shields        | 3 5 8 10 13 14 15 | 15.0
Dodging        | 3 5 7 8 10 11 12 14 19 | 19.2
Armour         | 3 5 7 8 10 11 14 | 14.0
Evocations     | 3 5 8 10 13 14 15 | 15.0
Fighting       | 4 6 8 10 13 15 16 18 | 18.0
Translocations | 7 10 11 | 11.0
Polearms       | 4 10 14 | 14.0
Spellcasting   | 2 5 6 7 |  7.0
Necromancy     | 2 7 10 14 15 16 18 19 | 19.7
Transmutations | 5 6 |  6.1

Action                     |  1- 3 |  4- 6 |  7- 9 | 10-12 | 13-15 | 16-18 | 19-21 | 22-24 | 25-27 || total
---------------------------+-------+-------+-------+-------+-------+-------+-------+-------+-------++-------
  Melee: Falchion          |     8 |       |       |       |       |       |       |       |       ||     8
         Morningstar       |    56 |    17 |       |       |       |       |       |       |       ||    73
         Headbutt          |     3 |    21 |    54 |   145 |   362 |   384 |   178 |   258 |   312 ||  1717
         Long sword        |       |   108 |   317 |   162 |       |       |       |       |       ||   587
         Punch             |       |     1 |     6 |     1 |       |       |       |       |       ||     8
         Scimitar          |       |       |       |   373 |  1196 |  1283 |       |       |       ||  2852
         Short sword       |       |       |       |     3 |     5 |       |       |       |       ||     8
         Demon trident     |       |       |       |       |       |   194 |  1464 |  2124 |  1962 ||  5744
         Demon blade       |       |       |       |       |       |       |       |    86 |       ||    86
   Fire: Sling             |       |     3 |     7 |     8 |       |       |       |       |       ||    18
         Shortbow          |       |       |     5 |       |       |       |       |       |       ||     5
         Longbow           |       |       |       |       |    33 |       |       |       |       ||    33
  Throw: Boomerang         |       |     6 |     3 |     5 |     4 |       |       |       |       ||    18
         Dart              |       |       |       |     6 |    19 |       |       |       |       ||    25
         Throwing net      |       |       |       |     2 |       |       |       |     1 |       ||     3
   Cast: Manifold Assault  |       |       |       |       |       |    87 |   157 |   329 |   259 ||   832
         Wereblood         |       |       |       |       |       |       |       |    22 |     9 ||    31
         Death Channel     |       |       |       |       |       |       |       |    15 |    10 ||    25
 Invoke: Renounce Religion |       |       |     1 |       |       |       |       |       |       ||     1
         Draw Destruction  |       |       |       |     4 |    28 |    31 |     7 |     9 |    18 ||    97
         Draw Summoning    |       |       |       |     4 |     3 |    14 |     2 |     3 |     3 ||    29
         Draw Stack        |       |       |       |       |     6 |       |     1 |     1 |       ||     8
         Stack Five        |       |       |       |       |     2 |       |       |       |       ||     2
         Deal Four         |       |       |       |       |       |       |       |     1 |     1 ||     2
  Evoke: Wand              |     4 |       |     4 |     2 |     1 |    19 |       |       |       ||    30
         Lightning rod     |       |       |       |       |     3 |       |       |       |       ||     3
         Phial of floods   |       |       |       |       |     1 |     1 |       |     2 |       ||     4
         Condenser vane    |       |       |       |       |       |     1 |       |     2 |     1 ||     4
         Box of beasts     |       |       |       |       |       |     1 |       |     1 |       ||     2
         Phantom mirror    |       |       |       |       |       |     1 |       |       |       ||     1
         Tin of tremorston |       |       |       |       |       |       |       |     5 |     1 ||     6
    Use: Potion            |     1 |       |     9 |       |     2 |     3 |     3 |     1 |    11 ||    30
         Scroll            |       |       |       |     7 |     6 |     5 |     1 |     9 |    12 ||    40
   Stab: Sleeping          |     5 |     6 |     2 |     1 |    10 |    21 |    25 |    26 |    13 ||   109
         Confused          |       |       |     1 |       |       |     1 |       |       |       ||     2
         Held in net/web   |       |       |       |     4 |       |       |       |       |       ||     4
         Distracted        |       |       |       |     1 |     1 |     8 |     8 |    14 |    17 ||    49
         Petrified         |       |       |       |       |     5 |       |       |       |       ||     5
 Armour: Leather armour    |    28 |    41 |       |       |       |       |       |       |       ||    69
         Scale mail        |       |       |   168 |   134 |       |       |       |       |       ||   302
         Skin              |       |       |     1 |       |       |       |       |       |       ||     1
         Troll leather arm |       |       |       |    57 |   379 |   104 |   121 |   240 |    32 ||   933
         Chain mail        |       |       |       |     5 |    17 |       |       |       |   190 ||   212
         Swamp dragon scal |       |       |       |       |       |   173 |       |       |       ||   173
  Dodge: Dodged            |    41 |    73 |   195 |   220 |   754 |   748 |   332 |   514 |   416 ||  3293
         Repelled          |       |       |       |       |     6 |    57 |    10 |    22 |     1 ||    96
  Block: Buckler           |       |       |       |   154 |   459 |   696 |    77 |       |       ||  1386
         Reflection        |       |       |       |       |       |    86 |    58 |    27 |    27 ||   198
         Kite shield       |       |       |       |       |       |       |   290 |   554 |   541 ||  1385

Table legend: (Time is in decaauts)
 A = Elapsed time spent in this place.
 B = Non-inter-level travel time spent in this place.
 C = Inter-level travel time spent in this place.
 D = Time resting spent in this place.
 E = Time spent auto-exploring this place.
 F = Levels seen in this place.
 G = Mean time per level.
                   A        B        C        D        E       F      G
               +--------+--------+--------+--------+--------+-----+--------+
         Total |  72975 |  62658 |  10317 |   9741 |  38033 |  55 | 1326.8 |
       Dungeon |  19333 |  15043 |   4290 |   1841 |   9912 |  15 | 1288.9 |
        Temple |    102 |     76 |     26 |      0 |     66 |   1 |  102.0 |
          Lair |   7702 |   6281 |   1421 |    712 |   3670 |   5 | 1540.4 |
         Swamp |   3852 |   3662 |    190 |    829 |   1652 |   4 |  963.0 |
     Snake Pit |   5888 |   5143 |    745 |    990 |   2707 |   4 | 1472.0 |
    Slime Pits |   2743 |   2640 |    103 |    716 |   1435 |   5 |  548.6 |
  Orcish Mines |   2396 |   1816 |    580 |    577 |    808 |   2 | 1198.0 |
   Elven Halls |   5238 |   4553 |    685 |    827 |   2694 |   3 | 1746.0 |
        Vaults |  10540 |   9670 |    870 |    605 |   7033 |   5 | 2108.0 |
        Depths |   6199 |   5260 |    939 |    763 |   3521 |   4 | 1549.8 |
           Zot |   7435 |   6970 |    465 |   1428 |   4043 |   5 | 1487.0 |
       Volcano |    418 |    418 |      0 |     85 |     69 |   1 |  418.0 |
    Desolation |   1125 |   1125 |      0 |    366 |    422 |   1 | 1125.0 |
               +--------+--------+--------+--------+--------+-----+--------+

Top non-repeatable levels by time:
 Snake:4: 2426 daAuts
Vaults:5: 2374 daAuts
Vaults:2: 2290 daAuts
Depths:2: 2209 daAuts
Vaults:4: 2199 daAuts
  Lair:5: 2191 daAuts
    D:14: 2140 daAuts
Depths:1: 2102 daAuts
    D:11: 2075 daAuts
Vaults:1: 2008 daAuts
    D:10: 1997 daAuts
   Elf:3: 1854 daAuts
   Zot:3: 1853 daAuts
     D:9: 1784 daAuts
   Zot:2: 1703 daAuts
